 Dungeon Crawl Stone Soup version 0.32-a0-132-g2d33c3cfaf (webtiles) character file.

Game seed: 8063462814820915667

18 SmokeWeed the Sneak (level 2, -3/16 HPs)
             Began as a Kobold Enchanter on Feb 9, 2024.
             Slain by Terence
             ... wielding a +0 mace
              (9 damage)
             ... on level 2 of the Dungeon.
             The game lasted 00:01:48 (1418 turns).

SmokeWeed the Sneak (Kobold Enchanter)              Turns: 1418, Time: 00:01:48

Health: -3/16      AC:  4    Str:  5    XL:     2   Next: 90%
Magic:  5/5        EV: 14    Int: 16    God:
Gold:   25         SH:  0    Dex: 15    Spells: 5/5 levels left

rFire   . . .        a - +1 dagger
rCold   . . .        (no shield)
rNeg    + . .        g - +1 leather armour {rN+}
rPois   .            (no helmet)
rElec   .            (no cloak)
rCorr   .            (no gloves)
SInv    .            (no boots)
Will    .....        (no amulet)
Stlth   +++          (no ring)
HPRegen 0.22/turn    (no ring)
MPRegen 0.09/turn

%: no passive effects
@: no status effects
A: small, no large weapons, nightstalker 3
a: no special abilities


You were on level 2 of the Dungeon.
You visited 1 branch of the dungeon, and saw 2 of its levels.

You collected 25 gold pieces.

Inventory:

Hand Weapons
 a - a +1 dagger (weapon)
 f - a +1 whip of electrocution
Armour
 b - a +0 robe
 g - a +1 leather armour of positive energy (worn)
Jewellery
 i - an amulet of faith
Scrolls
 d - a scroll of immolation {unknown}
 h - a scroll of fog {unknown}
Potions
 c - 2 potions of invisibility
 e - a potion of lignification {unknown}


   Skills:
 * Level 1.1 Fighting
 * Level 1.7 Short Blades
 - Level 2.4 Dodging
 - Level 4.2 Stealth
 - Level 2.3 Spellcasting
 - Level 3.2 Hexes


You had 5 spell levels left.
You didn't know any spells.
Your spell library contained the following spells:

 Spells                   Type           Power      Damage    Failure   Level
 Ensorcelled Hibernation  Hex/Ice        14%        N/A       26%         2
 Confusing Touch          Hex            12%        N/A       26%         3
 Tukima's Dance           Hex            12%        N/A       26%         3
 Dazzling Flash           Conj/Hex       14%        N/A       45%         3
 Summon Ice Beast         Ice/Summ       1%         N/A       69%         3
 Summon Lightning Spire   Summ/Air       1%         N/A       97%         4
 Summon Mana Viper        Hex/Summ       7%         N/A       99%         5
 Monstrous Menagerie      Summ           0%         N/A       100%        7
 Summon Horrible Things   Summ           0%         N/A       100%        8


Dungeon Overview and Level Annotations

Branches:
Dungeon (2/15)

Altars:

Annotations:
D:2 Terence


Innate Abilities, Weirdness & Mutations

You are small and have problems with some larger weapons.
You are completely attuned to the shadows.


Message History

The bat is heavily wounded.
The bat hits you but does no damage. The bat closely misses you.
You hit the bat.
You kill the bat!
Your Fighting skill increases to level 1!
No target in view!
No target in view!
A hobgoblin comes into view.
Found 5 stones.
The helpless hobgoblin fails to defend itself.
You impale the hobgoblin!!
You kill the hobgoblin!
You now have 25 gold pieces (gained 8).
Found a stone staircase leading up.
Terence the Incautious comes into view.
He is wielding a +0 mace.
There is a stone staircase leading up here.
The helpless Terence fails to defend himself.
You puncture Terence!
Terence is almost dead.
You don't know any spells.
You hit Terence.
Terence is almost dead.
Terence hits you with a +0 mace.
You hit Terence but do no damage.
Terence is almost dead.
Terence hits you with a +0 mace.
You barely miss Terence.
Terence is almost dead.
Terence says, "Rest in peace."
Terence barely misses you.
You barely miss Terence.
Terence is almost dead.
Terence hits you with a +0 mace.
You hit Terence but do no damage.
Terence is almost dead.
Terence hits you with a +0 mace!
Ouch! That really hurt!
You die...
Terence says, "That felt goooood."

......
.....#.......
.#..##
.............
##..#
......#...... .
.# .###.##......
#. #.
#..##...... #
#.####. #..#
#### #.#.....
##..#
#.....####..†##
...@@..........#
.####<.##......#
##.#.....(.#
#...#######
###.# #.# #.#
###


You could see Terence.

Vanquished Creatures
  2 endoplasms (D:1)
  2 goblins
  3 hobgoblins
  A kobold (D:2)
  A ball python (D:1)
  3 bats
  3 frilled lizards (D:1)
  2 rats (D:1)
17 creatures vanquished.

Notes
Turn   | Place    | Note
-------+----------+-------------------------------------------
     0 | D:1      | SmokeWeed the Kobold Enchanter began the quest for the Orb.
     0 | D:1      | Reached XP level 1. HP: 10/10 MP: 3/3
   336 | D:1      | Reached XP level 2. HP: 11/15 MP: 5/5
   797 | D:1      | Got Dizxet's Directory of the Comitatus
  1389 | D:2      | Reached skill level 1 in Fighting
  1409 | D:2      | Noticed Terence
  1418 | D:2      | Slain by Terence

Illustrated notes

Levels and vault maps discovered:
D:1:      psy_arrival_terrarium, layout_basic, serial_co_window_serial,
          co_window_corner_a, co_window_paths_a, co_window_paths_a,
          co_window_paths_a, co_window_corner_a, co_window_broadway_a,
          co_window_cross_2, co_window_paths_c, co_window_unsneaky_path_a,
          co_window_cross_2, glass_columns_b, glass_columns_b, glass_columns_c
D:2:      minmay_roachtagon, layout_rooms, hangedman_decor_growths,
          uniq_terence, uniq_crazy_yiuf_cottage

Skill      XL: |  1  2 |
---------------+-------+-----
Fighting       | 1 |  1.1
Short Blades   | |  1.7
Dodging        | |  2.4
Stealth        | |  4.2
Spellcasting   | |  2.3
Hexes          | |  3.2

Action                     || total
---------------------------++-------
  Melee: Dagger            ||    41
   Stab: Sleeping          ||     9
 Armour: Robe              ||     9
         Leather armour    ||     9
  Dodge: Dodged            ||    27

Table legend: (Time is in decaauts)
 A = Elapsed time spent in this place.
 B = Non-inter-level travel time spent in this place.
 C = Inter-level travel time spent in this place.
 D = Time resting spent in this place.
 E = Time spent auto-exploring this place.
 F = Levels seen in this place.
 G = Mean time per level.
                   A        B        C        D        E       F      G
               +--------+--------+--------+--------+--------+-----+--------+
         Total |   1415 |   1347 |     68 |      0 |   1197 |   2 |  707.5 |
       Dungeon |   1415 |   1347 |     68 |      0 |   1197 |   2 |  707.5 |
               +--------+--------+--------+--------+--------+-----+--------+

Top non-repeatable levels by time:
     D:1: 1062 daAuts
     D:2: 352 daAuts
